 Dungeon Crawl Stone Soup version 0.29.0-13-gc9e81de378 (webtiles) character file.

Game seed: 17397357566376463689

287 Descartes the Trooper (level 6, -5/49 HPs)
             Began as a Formicid Wanderer on Sept 9, 2022.
             Slain by an ogre
             ... wielding a +0 giant club
              (12 damage)
             ... on level 4 of the Dungeon.
             The game lasted 00:05:28 (3364 turns).

Descartes the Trooper (Formicid Wanderer)           Turns: 3364, Time: 00:05:28

Health: -5/49      AC: 13    Str: 18    XL:     6   Next: 56%
Magic:  7/7        EV:  7    Int: 13    God:
Gold:   143        SH:  0    Dex: 12    Spells: 6/7 levels left

rFire   . . .      SeeInvis +   a - +1 flail
rCold   . . .      Faith    .   (no shield)
rNeg    . . .      Spirit   .   j - +0 shadow dragon scales
rPois   .          Reflect  .   (helmet unavailable)
rElec   .          Harm     .   f - +0 cloak
rCorr   +          Rampage  .   (no gloves)
Will    .....                   (no boots)
Stlth   +++.......              (no amulet)
HPRegen 0.16/turn               u - ring of resist corrosion
MPRegen 0.10/turn               (no ring)

@: no status effects
A: permanent stasis, dig shafts and tunnels, antennae 3, four strong arms
a: Dig, Shaft Self


You were on level 4 of the Dungeon.
You visited 1 branch of the dungeon, and saw 4 of its levels.

You collected 143 gold pieces.

Inventory:

Hand Weapons
 a - a +1 flail (weapon)
 g - a +0 dagger of freezing
 p - a +0 rapier
Missiles
 b - 60 stones
Armour
 f - a +0 cloak (worn)
 j - +0 shadow dragon scales (worn)
Jewellery
 u - a ring of resist corrosion (left hand)
Wands
 k - a wand of polymorph (9)
Scrolls
 d - a scroll of vulnerability {unknown}
 e - a scroll of identify {unknown}
 i - 5 scrolls of teleportation {unknown}
 l - 3 scrolls of enchant armour {unknown}
 q - a scroll of poison {unknown}
 s - a scroll of blinking {unknown}
Potions
 c - a potion of haste {unknown}
 h - 3 potions of degeneration {unknown}
 m - 2 potions of curing {unknown}
 n - a potion of might {unknown}
 o - a potion of invisibility {unknown}
 r - a potion of heal wounds {unknown}
 t - 2 potions of magic {unknown}
 v - a potion of berserk rage {unknown}


   Skills:
 + Level 4.4 Fighting
 + Level 2.2(3.1) Axes
 + Level 3.3(3.6) Maces & Flails
 + Level 3.1 Armour
 - Level 1.2 Stealth
 + Level 3.4 Shields
 - Level 1.1 Spellcasting
 - Level 2.1 Transmutations


You had 6 spell levels left.
You knew the following spells:

 Your Spells              Type           Power      Damage    Failure   Level
a - Sting                 Tmut/Pois      12%        1d3       93%         1

Your spell library contained the following spells:

 Spells                   Type           Power      Damage    Failure   Level
 Scorch                   Fire           0%         2d5       99%         2
 Ignite Poison            Fire/Tmut/Pois 2%         N/A       100%        3
 Cause Fear               Hex            0%         N/A       100%        4
 Flame Wave               Conj/Fire      0%         2d4       100%        4
 Summon Cactus Giant      Summ           0%         N/A       100%        6
 Dragon Form              Tmut           3%         N/A       100%        7
 Dragon's Call            Summ           0%         N/A       100%        9


Dungeon Overview and Level Annotations

Branches:
Dungeon (4/15)
 Temple: D:4-7

Altars:

Shops:
D:1 (

Annotations:
D:4 Ijyb


Innate Abilities, Weirdness & Mutations

You cannot be hasted, slowed, berserked, paralysed or teleported.
You can dig through walls and to a lower floor.
You have a pair of large antennae on your head. (SInv)
Your four strong arms can wield two-handed weapons with a shield.


Message History

The hound barely misses you. The hound bites you but does no damage.
You thump the hound!
You kill the hound!
No target in view!
No target in view!
No target in view!
No target in view!
No target in view!
No target in view!
The ogre shouts!
The ogre hits you but does no damage.
You hit the ogre.
The ogre is lightly wounded.
The ogre closely misses you.
You hit the ogre.
The ogre is lightly wounded.
The ogre hits you with a +0 giant club!
You hit the ogre.
The ogre is moderately wounded.
You sock the ogre!
The ogre is severely wounded.
The ogre hits you with a +0 giant club!
You completely miss the ogre.
The ogre is severely wounded.
The ogre barely misses you.
You barely miss the ogre.
The ogre is severely wounded.
The ogre hits you with a +0 giant club!!
Ouch! That really hurt!
* * * LOW HITPOINT WARNING * * *
You are too injured to fight recklessly!
You are too injured to fight recklessly!
You are too injured to fight recklessly!
You are too injured to fight recklessly!
You are too injured to fight recklessly!
You are too injured to fight recklessly!
You are too injured to fight recklessly!
You are too injured to fight recklessly!
The ogre attacks as you move away! The ogre hits you with a +0 giant club!
You die...

......#..###.#
#...............#.
......#...##.#
##......)..#......
......#.#....#
##.......###..#.(
.....##.###..# ####......
#.... ....###...#..###
#....#.# #...
........#......#####..##.....
...
).......###..........#####.#.
?. ...............O####### .#
........#...#.#.@.....# .#
........#.###.#######.# .#
..............#######.####.#
........#.##...............###
........#.####....######.....#
...†....#.# ### #.....#
..........# #.....#
########.## #.....### .#
#<.......


You could see an ogre.

Vanquished Creatures
  A necrophage (D:4)
  A hound (D:4)
  Jessica (D:2)
  Terence (D:2)
  7 adders
  A worm (D:2)
  3 dart slugs (D:1)
  An orc (D:4)
  6 ball pythons
  4 endoplasms
  A giant cockroach (D:1)
  9 goblins
  9 hobgoblins
  4 jackals (D:3)
  3 quokkas
  7 bats
  4 frilled lizards
  6 kobolds
  4 rats
73 creatures vanquished.

Notes
Turn   | Place    | Note
-------+----------+-------------------------------------------
     0 | D:1      | Descartes the Formicid Wanderer began the quest for the
                  | Orb.
     0 | D:1      | Descartes set off with the following items: a +1 flail, a
                  | potion of attraction, a +0 leather armour; and the
                  | following spell memorised: Sting; and the following spells
                  | available to memorise: Ignite Poison.
     0 | D:1      | Reached XP level 1. HP: 18/18 MP: 2/2
   194 | D:1      | Found Pagg's Weapon Emporium.
   205 | D:1      | Reached XP level 2. HP: 19/24 MP: 3/3
   206 | D:1      | Reached skill level 1 in Shields
   541 | D:1      | Found a faded altar of an unknown god.
   746 | D:1      | Reached XP level 3. HP: 8/29 MP: 4/4
  1518 | D:2      | Reached XP level 4. HP: 36/37 MP: 5/5
  1589 | D:2      | Noticed Terence
  1601 | D:2      | Killed Terence
  1602 | D:2      | Reached skill level 1 in Axes
  1748 | D:2      | Noticed Jessica
  1755 | D:2      | Killed Jessica
  1756 | D:2      | Reached skill level 4 in Fighting
  1756 | D:2      | Reached XP level 5. HP: 39/42 MP: 6/6
  2042 | D:2      | Identified the +2 hat of the Will of the Gods {Int+2}
  2928 | D:4      | Reached XP level 6. HP: 41/49 MP: 7/7
  2958 | D:4      | Noticed an ogre
  2964 | D:4      | Noticed Ijyb
  3364 | D:4      | Slain by an ogre

Illustrated notes

Levels and vault maps discovered:
D:1:      dpeg_arrival_radiant, layout_basic,
          hellmonk_ecumenical_altar_heavens_door, serial_shops, shop
D:2:      layout_basic, st_stairs_10, chequers_mini_garden, uniq_jessica,
          uniq_terence
D:3:      layout_loops_cross
D:4:      layout_rooms, uniq_ijyb

Skill      XL: |  1  2  3  4  5 |
---------------+----------------+-----
Shields        | 1 2 3 |  3.4
Armour         | 2 3 |  3.1
Axes           | 1 2 |  2.2
Fighting       | 4 |  4.4
Maces & Flails | 3 |  3.3
Stealth        | |  1.2
Spellcasting   | |  1.1
Transmutations | |  2.1

Action                   |  1- 3 |  4- 6 || total
-------------------------+-------+-------++-------
Melee: Flail             |    77 |   148 ||   225
       Punch             |     1 |     3 ||     4
 Stab: Sleeping          |     1 |     8 ||     9
       Distracted        |       |     1 ||     1
Armor: Leather armour    |    18 |       ||    18
       Scale mail        |    44 |     1 ||    45
       Shadow dragon sca |       |    92 ||    92
Dodge: Dodged            |    79 |    65 ||   144
